 Dungeon Crawl Stone Soup version 0.20.0-8-g6b59dc7 (webtiles) character file.

2664 Gorglomux the Fighter (level 9, -4/90 HPs)
             Began as a Naga Wanderer on May 31, 2017.
             Was an Initiate of Gozag.
             Slain by an orc warrior
             ... wielding a cursed -1 flail
              (13 damage)
             ... on level 7 of the Dungeon.
             The game lasted 00:14:50 (8500 turns).

Gorglomux the Fighter (Naga Wanderer)               Turns: 8500, Time: 00:14:50

Health: -4/90      AC:  7    Str: 19    XL:     9   Next: 63%
Magic:  10/10      EV:  9    Int: 12    God:    Gozag
Gold:   372        SH:  0    Dex: 10    Spells: 8/8 levels left

rFire    . . .     SeeInvis +   a - +3 hand axe
rCold    . . .     Gourm    .   (no shield)
rNeg     + . .     Faith    .   P - +0 leather armour (curse)
rPois    +         Spirit   .   Y - +1 hat
rElec    .         Reflect  .   (no cloak)
rCorr    .         Harm     .   N - +0 pair of gloves
MR       +....                  (no barding)
Stlth    +++.......             (no amulet)
Regen    0.3/turn               V - ring of positive energy
MPRegen  0.2/turn               (no ring)

@: short of breath, very slow
A: see invisible, deformed body, poison resistance, slowness 2, slow metabolism
1, spit poison 1, AC +3
a: Spit Poison, Potion Petition, Call Merchant, Bribe Branch, Renounce Religion


You were on level 7 of the Dungeon.
You worshipped Gozag.
Gozag was aware of your devotion.
You were very hungry.

You visited 2 branches of the dungeon, and saw 8 of its levels.

You collected 822 gold pieces.
You spent 385 gold pieces at shops.
You paid 65 gold pieces to Gozag.

Inventory:

Hand Weapons
 a - a +3 hand axe (weapon)
 b - a +0 hand crossbow
 g - a +0 short sword
Missiles
 c - 7 bolts
Armour
 x - a +1 plate armour of cold resistance
 F - a +0 large shield
 N - a +0 pair of gloves (worn)
 P - a cursed +0 leather armour (worn)
 Y - a +1 hat (worn)
Jewellery
 V - a ring of positive energy (left hand)
Wands
 R - a wand of polymorph (19/24)
Scrolls
 i - 3 scrolls of remove curse
 j - a scroll of enchant weapon
 k - a scroll of fear
 y - a scroll of blinking {unknown}
 B - a scroll of enchant armour {unknown}
 E - a scroll of noise {unknown}
 I - a scroll of amnesia {unknown}
 J - a scroll of recharging {unknown}
 M - 3 scrolls of magic mapping
 T - 2 scrolls of teleportation
Potions
 d - a potion of lignification
 l - a potion of haste
 C - 2 potions of ambrosia
 D - 2 potions of flight
 H - a potion of brilliance
 K - 3 potions of agility
 L - a potion of heal wounds
 Q - 3 potions of curing
 U - 2 potions of mutation
 W - a potion of berserk rage
 X - a potion of resistance
Books
 G - a book of Misfortune

   Spells                             Type                      Level
   a - Confusing Touch                Hexes                        1
   b - Confuse                        Hexes                        3
   c - Gell's Gravitas                Translocation                3
   d - Petrify                        Transmutation/Earth          4
   e - Metabolic Englaciation         Hexes/Ice                    5
   f - Yara's Violent Unravelling     Hexes/Transmutation          5
Comestibles
 f - 8 bread rations
 z - 7 meat rations
 O - a fruit
 S - 2 royal jellies


   Skills:
 + Level 8.5 Fighting
 + Level 7.7 Axes
 + Level 4.6 Armour
 - Level 8.1 Stealth
 + Level 2.6 Evocations


You had 8 spell levels left.
You didn't know any spells.

Dungeon Overview and Level Annotations

Branches:
Dungeon (7/15)             Temple (1/1) D:5

Altars:
Ashenzari
Cheibriados
Elyvilon
Fedhas
Gozag
Hepliaklqana
Kikubaaqudgha
Makhleb
Nemelex Xobeh
Qazlal
Ru
Sif Muna
Trog
Uskayaw
Vehumet
Xom
Zin
The Shining One

Shops:
D:2 *   D:6 [   D:7 *%[[

Annotations:
D:5 1 transporter


Innate Abilities, Weirdness & Mutations

You cannot wear boots.
Your serpentine skin is tough. (AC +3)
You have supernaturally acute eyesight. (SInv)
Armour fits poorly on your strangely shaped body.
Your system is resistant to poisons. (rPois)
You cover ground very slowly.
You have a slow metabolism.
You can spit poison.


Message History

The orc warrior is severely wounded.
You hit the phantom. The phantom hits you.
You hit the orc warrior.
The orc warrior is severely wounded.
You miss the phantom. The orc warrior hits you with a flail!
* * * LOW HITPOINT WARNING * * *
The phantom hits you.
* * * LOW HITPOINT WARNING * * *
The phantom blinks!
The phantom barely misses you. The orc warrior hits you with a flail!
* * * LOW HITPOINT WARNING * * *
Press: ? - help, Shift-Dir - straight line, f - orc warrior
Aim: an orc warrior, wielding a flail and wearing a plate armour (severely wounded)
The splash of poison misses the orc warrior.
The splash of poison hits the phantom.
The phantom completely resists.
The phantom is lightly damaged.
You feel slightly more hungry. The orc warrior hits you with a flail!
You die...
Your body crumbles into a pile of gold.

♣ ♣♣♣
.♣[.♣♣
♣♣....♣
# ...!.♣
# ♣...|♣
#
♣♣♣...♣
#
♣♣@oW♣♣♣
#
♣♣.♣♣.♣
#
♣.♣♣♣♣♣
# ♣♣.♣ #
♣.♣♣ #
♣♣.♣ #
♣.♣♣ #
♣♣.♣ ♣ #
♣.♣♣ ♣♣.
#


You could see a phantom and an orc warrior.

Vanquished Creatures
  A hungry ghost (D:7)
  An orc warrior (D:6)
  2 sky beasts (D:7)
  An ice beast (D:5)
  4 ogres
  3 phantoms
  A centaur (D:7)
  2 bullfrogs
  A scorpion (D:4)
  2 howler monkeys
  2 crimson imps
  4 hounds
  2 centaur skeletons (D:7)
  3 orc priests
  A jelly (D:7)
  3 iguanas
  3 orc wizards (D:4)
  9 worker ants
  4 hound skeletons
  A worker ant zombie (D:6)
  18 gnolls
  9 adders
  2 shadow imps
  2 oozes
  5 worms
  4 dart slugs
  5 leopard geckos
  20 orcs
  3 ball pythons
  4 bats
  7 giant cockroaches
  11 goblins
  9 hobgoblins
  12 jackals
  A quokka (D:5)
  8 frilled lizards
  A jackal skeleton (D:7)
  4 kobolds
  A quokka skeleton (D:5)
  10 rats
186 creatures vanquished.

Notes
Turn   | Place    | Note
-------+----------+-------------------------------------------
     0 | D:1      | Gorglomux the Naga Wanderer began the quest for the Orb.
     0 | D:1      | Gorglomux set off with: a +2 hand axe, a +0 hand crossbow, 24 bolts, a potion of lignification, a +0 robe, a bread ration
     0 | D:1      | Reached XP level 1. HP: 21/21 MP: 1/1
   286 | D:1      | Reached XP level 2. HP: 28/28 MP: 2/2
   367 | D:1      | Reached skill level 3 in Stealth
   553 | D:1      | Reached XP level 3. HP: 28/34 MP: 3/3
  1220 | D:2      | Reached XP level 4. HP: 44/44 MP: 4/4
  1342 | D:2      | Found a glowing silver altar of Zin.
  1344 | D:2      | Found Zin's Purification Station.
  1562 | D:2      | Found a shimmering altar of Xom.
  2434 | D:3      | Found a shattered altar of Ashenzari.
  2493 | D:3      | Reached XP level 5. HP: 49/50 MP: 5/5
  2684 | D:3      | Reached skill level 6 in Stealth
  2900 | D:3      | Reached XP level 6. HP: 52/61 MP: 6/6
  3653 | D:4      | Reached XP level 7. HP: 68/68 MP: 7/7
  3664 | D:4      | Reached skill level 6 in Fighting
  3996 | D:4      | Reached skill level 1 in Armour
  4267 | D:4      | Found a glowing golden altar of the Shining One.
  5000 | D:5      | Entered Level 5 of the Dungeon
  5226 | D:5      | Found a staircase to the Ecumenical Temple.
  5230 | D:5      | Reached XP level 8. HP: 78/78 MP: 8/8
  5238 | Temple   | Entered the Ecumenical Temple
  5440 | Temple   | Became a worshipper of Gozag Ym Sagoz the Greedy
  5608 | D:5      | Found a transporter.
  5800 | D:5      | Reached skill level 6 in Axes
  5944 | D:6      | Reached skill level 3 in Armour
  6198 | D:6      | Found Jacan's Armour Emporium.
  6680 | D:6      | Bought a +1 plate armour of cold resistance for 385 gold pieces
  7227 | D:6      | Reached XP level 9. HP: 88/88 MP: 9/9
  7591 | D:7      | Found an ancient bone altar of Kikubaaqudgha.
  7723 | D:7      | Found Moacsamo's Food Shop.
  7725 | D:7      | Found Ketzoit's Antique Armour Shop.
  7726 | D:7      | Found Niel's Assorted Antiques.
  7726 | D:7      | Found Koemmisk's Antique Armour Shop.
  8500 | D:7      | Slain by an orc warrior

Skill      XL: |  1  2  3  4  5  6  7  8  9 |
---------------+----------------------------+-----
Stealth        | 2 3 4 5 6 8 |  8.1
Fighting       | 4 5 6 7 8 |  8.5
Armour         | 1 3 4 |  4.6
Axes           | 7 |  7.7
Evocations     | 2 |  2.6

Action                   |  1- 3 |  4- 6 |  7- 9 || total
-------------------------+-------+-------+-------++-------
Melee: Hand axe          |     5 |       |   166 ||   171
 Fire: Hand crossbow     |    66 |   186 |   251 ||   503
Throw: Throwing net      |       |       |     1 ||     1
 Abil: Spit Poison       |     8 |    14 |    30 ||    52
  Use: Scroll            |     1 |       |    14 ||    15
       Potion            |       |       |     1 ||     1
 Stab: Sleeping          |       |       |     3 ||     3
       Distracted        |       |       |     1 ||     1
  Eat: Chunk             |     1 |     7 |     4 ||    12
       Royal jelly       |       |       |     2 ||     2
       Meat ration       |       |       |     1 ||     1
Armor: Robe              |    10 |     8 |       ||    18
       Leather armour    |       |    26 |   109 ||   135
Dodge: Dodged            |    17 |    48 |   131 ||   196
